 Dungeon Crawl Stone Soup version 0.18-a0-1523-gbe15c29 (webtiles) character file.

43 4thArraOfDagon the Slasher (level 3, 0/29 HPs)
             Began as a Mummy Chaos Knight on Mar 7, 2016.
             Slain by a porcupine (9 damage)
             ... on level 2 of the Dungeon.
             The game lasted 00:01:56 (433 turns).

4thArraOfDagon the Slasher (Mummy Chaos Knight)      Turns: 433, Time: 00:01:57

Health: 0/29       AC:  5    Str: 15    XL:     3   Next: 37%
Magic:  3/3        EV: 11    Int: 12    God:    Xom [*.....]
Gold:   66         SH:  0    Dex: 11    Spells: 0 memorised, 2 levels left

rFire  x . .     SeeInvis .     a - +0 falchion (chaos)
rCold  + . .     Gourm    .     b - +2 leather armour
rNeg   + + +     Faith    .     (no shield)
rPois  ∞         Spirit   .     (no helmet)
rElec  .         Dismiss  .     (no cloak)
rCorr  .         Reflect  .     (no gloves)
SustAt .         Harm     .     (no boots)
MR     .....                    (no amulet)
Stlth  +.........               (no ring)
                                (no ring)

@: not resistant to hostile enchantments, very unstealthy
A: no food or potions, fire vulnerability, cold resistance 1, negative energy
resistance 3, torment resistance, unbreathing
a: Renounce Religion


You were on level 2 of the Dungeon.
You worshipped Xom.
You were a special plaything of Xom.
You were not hungry.

You visited 1 branch of the dungeon, and saw 2 of its levels.

You collected 66 gold pieces.

Inventory:

Hand Weapons
 a - a +0 falchion of chaos (weapon)
Armour
 b - a +2 leather armour (worn)
Scrolls
 c - 2 scrolls of recharging
 d - a scroll of immolation {unknown}
 e - a scroll of enchant weapon {unknown}
 f - a scroll of identify {unknown}


   Skills:
 - Level 3.0 Fighting
 * Level 3.2 Long Blades
 + Level 1.9 Armour
 + Level 1.4 Dodging


You had 2 spell levels left.
You didn't know any spells.

Dungeon Overview and Level Annotations

Branches:
Dungeon (2/15)

Altars:


Innate Abilities, Weirdness & Mutations

You do not eat or drink.
Your flesh is vulnerable to fire.
You are immune to poison.
Your flesh is cold resistant.
You are immune to negative energy.
You are immune to unholy pain and torment.
You can survive without breathing.


Message History

The hobgoblin is severely wounded.
The hobgoblin hits you.
Unknown command.
You hit the hobgoblin. You burn the hobgoblin.
You kill the hobgoblin!
Unknown command.
You barely miss the worm. You barely miss the worm. The worm bites you!
You hit the worm.
The worm is poisoned.
The worm is moderately wounded.
Xom's power touches on a nearby monster.
The worm evaporates and reforms as a porcupine!
The porcupine bites you.
Unknown command.
Unknown command.
Unknown command.
The porcupine twitches its whiskers.
The porcupine bites you!
You die...
Xom titters!

## #. .. # ...# #.
##. #.#
...#.#.###.. ...#
.....#.....#....#
.........†..%..#
...........$.#
.........###.#
.........r.#
.........@.# #
###.#####..###.#
####. #......#
.....#####.#.####
#..........# ....
#.......!### ....#
#........# .....
#........#
!...#####........#


You could see a porcupine.

Vanquished Creatures
  An adder (D:1)
  A dart slug (D:2)
  A giant gecko (D:1)
  A giant cockroach (D:1)
  4 goblins
  7 hobgoblins
  3 jackals
  2 bats (D:2)
  A giant newt (D:1)
  5 kobolds
  4 rats
30 creatures vanquished.

Notes
Turn   | Place    | Note
--------------------------------------------------------------
     0 | D:1      | 4thArraOfDagon the Mummy Chaos Knight began the quest for the Orb.
     0 | D:1      | Reached XP level 1. HP: 18/18 MP: 1/1
    90 | D:1      | Reached XP level 2. HP: 24/24 MP: 2/2
    96 | D:1      | Reached skill level 1 in Dodging
   191 | D:1      | XOM: smoke on damage
   192 | D:1      | XOM: potion effect (heal wounds)
   212 | D:1      | Reached XP level 3. HP: 27/29 MP: 3/3
   265 | D:1      | You fall through a shaft!
   323 | D:1      | XOM: harmless Chrm miscast
   359 | D:2      | XOM: harmless Chrm miscast
   430 | D:2      | Noticed a porcupine
   430 | D:2      | a worm changed into a porcupine
   430 | D:2      | XOM: polymorph worm -> porcupine
   433 | D:2      | Slain by a porcupine

Vault maps used:
D:1:      saegor_arrival_simple_f
D:2:      first_bread, ecumenical_altar_2

Skill      XL: |  1  2 |
---------------+-------+-----
Dodging        | 1 |  1.4
Long Blades    | 3 |  3.2
Fighting       | |  3.0
Armour         | |  1.9

Action                   || total
-------------------------++-------
Melee: Falchion          ||    93
  Use: Scroll            ||     2
